 Dungeon Crawl Stone Soup version 0.24.1-11-gbbbb2193e6 (webtiles) character file.

Game seed: 17896052169020343326, levelgen mode: deterministic

67 Peloso the Skirmisher (level 4, -1/35 HPs)
             Began as a Demonspawn Fighter on May 12, 2020.
             Slain by a worm (4 damage)
             ... on level 2 of the Dungeon.
             The game lasted 00:02:47 (1424 turns).

Peloso the Skirmisher (Demonspawn Fighter)          Turns: 1424, Time: 00:02:48

Health: -1/35      AC: 13    Str: 17    XL:     4   Next: 0%
Magic:  4/4        EV:  3    Int: 10    God:
Gold:   92         SH:  9    Dex: 12    Spells: 3/3 levels left

rFire    . . .     SeeInvis .   a - +0 long sword
rCold    + . .     Gourm    .   c - +0 shield
rNeg     . . .     Faith    .   k - +0 plate armour
rPois    .         Spirit   .   (no helmet)
rElec    .         Reflect  .   (no cloak)
rCorr    .         Harm     .   (no gloves)
MR       .....                  (no boots)
Stlth    ..........             (no amulet)
HPRegen  0.11/turn              (no ring)
MPRegen  0.09/turn              (no ring)

@: no status effects
A: yellow scales 1, cold resistance 1, powered by death 1
a: no special abilities


You were on level 2 of the Dungeon.
You were not hungry.

You visited 1 branch of the dungeon, and saw 3 of its levels.

You collected 92 gold pieces.

Inventory:

Hand Weapons
 a - a +0 long sword (weapon)
Armour
 b - a +0 scale mail
 c - a +0 shield (worn)
 h - a +0 chain mail
 k - a +0 plate armour (worn)
Scrolls
 e - 2 scrolls of teleportation {unknown}
 g - 2 scrolls of immolation {unknown}
 i - 3 scrolls of amnesia {unknown}
 j - 2 scrolls of remove curse {unknown}
 l - a scroll of enchant armour {unknown}
 m - a scroll of magic mapping {unknown}
 n - a scroll of noise {unknown}
 p - 2 scrolls of identify {unknown}
 q - a scroll of fog {unknown}
Potions
 d - 2 potions of might
 o - a potion of heal wounds {unknown}
Comestibles
 f - 7 rations


   Skills:
 + Level 3.3 Fighting
 + Level 2.4 Long Blades
 + Level 3.2 Armour
 + Level 0.5 Dodging
 + Level 0.1 Stealth
 + Level 3.2 Shields


You had 3 spell levels left.
You didn't know any spells.
Your spell library was empty.

Dungeon Overview and Level Annotations

Branches:
Dungeon (3/15)

Altars:
Hepliaklqana
Sif Muna
Xom


Innate Abilities, Weirdness & Mutations

You are partially covered in yellow scales. (AC +2)
Your flesh is cold resistant. (rC+)
You regenerate a little health from kills.


Message History

There is a stone staircase leading up here.
You climb upwards.
There is a stone staircase leading down here.
Your shield and plate armour prevent you from hitting the worm.
The worm is moderately wounded.
The worm bites you.
* * * LOW HITPOINT WARNING * * *
Your shield and plate armour prevent you from hitting the worm.
The worm is moderately wounded.
The worm bites you but does no damage.
Your plate armour prevents you from hitting the worm.
The worm is moderately wounded.
The worm bites you but does no damage.
Your shield and plate armour prevent you from hitting the worm.
The worm is lightly wounded.
The worm bites you but does no damage.
You slash the worm!
The worm is heavily wounded.
The worm bites you.
You die...

###### ##### #....
.....##########...# #....
####.............<# #########....
.##############..># #............
...# ##.####.#######....
##.#############.###..# #####
.#.......(....<......## #
.####..#########w##### #
.###....########@# ##
.................###############.
..#####...#####................#.
#..# ###...# ##.#############.>.
#..# ###.####.### ###. ...###
#........# #. #....# ###......#
#. #....##### #......# ####### #.
##†......####......# ##.....## ##


You could see a worm.

Vanquished Creatures
  2 adders
  2 oozes
  2 worms (D:2)
  2 leopard geckos
  4 giant cockroaches
  2 goblins
  2 hobgoblins
  2 jackals (D:2)
  5 kobolds
  3 ball pythons
  5 bats
  2 frilled lizards
  3 rats
36 creatures vanquished.

Notes
Turn   | Place    | Note
-------+----------+-------------------------------------------
     0 | D:1      | Peloso the Demonspawn Fighter began the quest for the Orb.
     0 | D:1      | Reached XP level 1. HP: 18/18 MP: 1/1
   249 | D:1      | Gained mutation: You regenerate a little health from kills.
                  | [demonic ancestry]
   249 | D:1      | Reached XP level 2. HP: 20/24 MP: 2/2
   778 | D:2      | Gained mutation: You are partially covered in yellow
                  | scales. (AC +2) [demonic ancestry]
   778 | D:2      | Reached XP level 3. HP: 14/29 MP: 3/3
   798 | D:2      | Found a shimmering altar of Xom.
   801 | D:2      | Found a shimmering blue altar of Sif Muna.
   804 | D:2      | Found a hazy altar of Hepliaklqana.
  1408 | D:3      | Gained mutation: Your flesh is cold resistant. (rC+)
                  | [demonic ancestry]
  1408 | D:3      | Reached XP level 4. HP: 28/35 MP: 4/4
  1424 | D:2      | Slain by a worm

Levels and vault maps discovered:
D:1:      minmay_arrival_four_circles, layout_basic
D:2:      minmay_diamond_boxcup, layout_rooms, grunt_temple_overflow_diamond
D:3:      layout_loops_cross

Skill      XL: |  1  2 |
---------------+-------+-----
Armour         | 3 |  3.2
Long Blades    | 2 |  2.4
Shields        | 3 |  3.2
Fighting       | |  3.3
Dodging        | |  0.5
Stealth        | |  0.1

Action                   |  1- 3 |  4- 6 || total
-------------------------+-------+-------++-------
Melee: Long sword        |   170 |     8 ||   178
  Use: Potion            |     1 |       ||     1
  Eat: Chunk             |     2 |       ||     2
Armor: Scale mail        |    20 |       ||    20
       Chain mail        |    48 |       ||    48
       Plate armour      |   111 |     6 ||   117
Dodge: Dodged            |    34 |       ||    34
Block: Shield            |   118 |     2 ||   120
       Rpst.: Long sword |    12 |       ||    12
